 Dungeon Crawl Stone Soup version 0.30.0-15-g856e2d3f33 (webtiles) character file.

Game seed: 4564813945000732996

9657 SnakkuSnakku7 the Severer (level 11, -2/104 HPs)
             Began as a Hill Orc Chaos Knight on May 19, 2023.
             Was a Plaything of Xom.
             Slain by a black mamba (7 damage)
             ... on level 1 of the Lair of Beasts.
             The game lasted 00:14:13 (9189 turns).

SnakkuSnakku7 the Severer (Hill Orc Chaos Knight)   Turns: 9189, Time: 00:14:14

Health: -2/104     AC: 15    Str: 20    XL:     11   Next: 49%
Magic:  11/11      EV: 10    Int: 12    God:    Xom [..*...]
Gold:   922        SH:  0    Dex: 13    Spells: 10/10 levels left

rFire   x . .        a - +1 broad axe
rCold   . . .        (no shield)
rNeg    . . .        i - +5 ring mail of the Majestic God {Dex+3 Slay+3}
rPois   +            (helmet restricted)
rElec   .            q - +2 cloak
rCorr   +            H - +0 pair of gloves
SInv    .            (no boots)
Will    .....        (no amulet) Stlth
                     m - ring of resist corrosion
HPRegen 0.37/turn    v - ring of poison resistance
MPRegen 0.12/turn

%: no passive effects
@: lethally poisoned (-2 -> -19), silenced, unable to read
A: antennae 1, heat vulnerability 1, inability to read after injury 1
a: Renounce Religion


You were on level 1 of the Lair of Beasts.
You worshipped Xom.
You were a toy of Xom.
You visited 3 branches of the dungeon, and saw 12 of its levels.

You collected 922 gold pieces.

Inventory:

Hand Weapons
 a - a +1 broad axe (weapon)
Missiles
 e - 47 poisoned darts
Armour
 b - a +2 leather armour
 i - the +5 ring mail of the Majestic God (worn) {Dex+3 Slay+3}
   (You found it on level 3 of the Dungeon)

   Dex:       It affects your dexterity (+3).
   Slay:      It affects your accuracy & damage with ranged weapons and melee
   (+3).
 k - a +1 helmet
 q - a +2 cloak (worn)
 H - a +0 pair of gloves (worn)
Jewellery
 f - a ring of protection from cold
 m - a ring of resist corrosion (left hand)
 v - a ring of poison resistance (right hand)
Wands
 o - a wand of polymorph (5)
 t - a wand of digging (4)
 D - a wand of flame (29)
 E - a wand of iceblast (2)
 F - a wand of paralysis (6)
Scrolls
 g - 2 scrolls of magic mapping
 h - 2 scrolls of blinking
 j - 4 scrolls of vulnerability
 p - a scroll of butterflies
 r - 2 scrolls of acquirement {unknown}
 s - 4 scrolls of teleportation
 y - a scroll of immolation {unknown}
 A - a scroll of fear
 C - a scroll of fog
 G - 6 scrolls of poison
Potions
 d - 2 potions of degeneration {unknown}
 l - 3 potions of might
 n - 2 potions of attraction {unknown}
 u - 2 potions of heal wounds {unknown}
 w - 2 potions of flight
 x - 4 potions of curing {unknown}
 z - a potion of cancellation
 B - 2 potions of magic
 I - a potion of resistance
 J - a potion of invisibility
Miscellaneous
 c - a piece from Xom's chessboard (15/15) (quivered)


   Skills:
 - Level 12.0 Fighting
 - Level 18.0 Axes
 - Level 4.0 Throwing
 + Level 3.8 Armour
 - Level 0.7 Dodging


You had 10 spell levels left.
You didn't know any spells.
Your spell library contained the following spells:

 Spells                   Type           Power      Damage    Failure   Level
 Beastly Appendage        Tmut           0%         N/A       47%         1
 Kiss of Death            Conj/Necr      0%         2d5       47%         1
 Lesser Beckoning         Tloc           0%         N/A       63%         2
 Wereblood                Tmut           0%         N/A       63%         2
 Confusing Touch          Hex            0%         N/A       85%         3
 Dazzling Flash           Conj/Hex       0%         N/A       85%         3
 Gell's Gravitas          Tloc           0%         N/A       85%         3
 Spider Form              Tmut/Pois      0%         N/A       85%         3
 Teleport Other           Tloc           0%         N/A       85%         3
 Animate Dead             Necr           0%         N/A       99%         4
 Dispel Undead            Necr           0%         3d6       99%         4
 Olgreb's Toxic Radiance  Pois           0%         N/A       99%         4
 Agony                    Necr           0%         N/A       100%        5
 Silence                  Hex/Air        0%         N/A       100%        5
 Haunt                    Necr/Summ      0%         N/A       100%        7
 Discord                  Hex            0%         N/A       100%        8
 Ignition                 Fire           0%         3d3       100%        8
 Infestation              Necr           0%         N/A       100%        8


Dungeon Overview and Level Annotations

Branches:
Dungeon (10/15)            Temple (1/1) D:6            Lair (1/5) D:8
    Orc (0/2) D:10

Altars:
Ashenzari
Dithmenos
Fedhas
Makhleb
Nemelex Xobeh
Okawaru
Vehumet
Xom

Shops:
D:7 :


Innate Abilities, Weirdness & Mutations

You have a pair of small antennae on your head.
You are vulnerable to heat. (rF-)
You occasionally lose the ability to read scrolls when taking damage.


Message History

You feel sick.
K - a scroll of identify You feel sick.
You cannot read scrolls in your current state!
You feel sick.
You start resting.
You feel sick. x3
You are no longer poisoned.
You cannot read scrolls in your current state!
Unknown command.
You start resting.
You can read scrolls again.
As you read the scroll of identify, it crumbles to dust.
w - 2 potions of flight
As you read the scroll labelled NUEMAD PAUTHRY, it crumbles to dust.
A profound silence engulfs you.
It was a scroll of silence.
Magic scrolls do not work when you're silenced!
Unknown command.
You open the door.
There is an open door here.
A black mamba comes into view.
A black mamba is nearby!
A black mamba is nearby!
A black mamba is nearby!
The black mamba bites you!
You feel threatened and lose the ability to read scrolls!
* * * LOW HITPOINT WARNING * * *
You closely miss the black mamba. You slice the fungus!!
The fungus begins to die.
The black mamba bites you.
* * * LOW HITPOINT WARNING * * *
You are poisoned.
The black mamba poisons you!
You barely miss the black mamba. You slash the fungus!
* * * LOW HITPOINT WARNING * * *
You feel very sick. The black mamba bites you!
* * * LOW HITPOINT WARNING * * *
Xom is mildly amused.
The black mamba bites you!
You die...
Xom snickers!

## ### ###
######.####.####.######
................@S....#
##.##..#..##.##.P####.#
....................
..........#...........
........#.#.........#.#
........#.#...........#
........P...........#.#
..........#.........#.#
######'#............


You could see a black mamba.

Vanquished Creatures
  3 two-headed ogres
  Pikel (D:7)
  A black mamba (Lair:1)
  A cane toad (Lair:1)
  An unseen horror (D:9)
  A komodo dragon (D:8)
  A shadow (D:9)
  A wraith (D:10)
  Sigmund (D:6)
  A wyvern (D:10)
  3 yaks (D:10)
  A human (shapeshifter) (D:2)
  A fire bat (shapeshifter) (D:1)
  An acid dragon (D:9)
  Duvessa (D:6)
  2 water moccasins
  2 black bears
  3 orc warriors
  An ice beast (D:5)
  A sky beast (D:6)
  13 wolves (Lair:1)
  2 ogres
  2 centaurs
  A lemure (D:6)
  4 kobold brigands
  4 bullfrogs
  A scorpion (D:7)
  9 wights
  5 killer bees (D:10)
  2 jellies
  5 hounds
  An orc priest (D:7)
  3 sleepcaps
  Ijyb (D:5)
  3 iguanas
  7 orc wizards
  3 gnolls (D:6)
  6 adders
  A shadow imp (D:8)
  A white imp (D:6)
  An ufetubus (D:6)
  3 worms
  2 dart slugs
  39 orcs
  5 endoplasms
  5 giant cockroaches
  13 goblins
  8 hobgoblins
  14 jackals
  29 kobolds
  7 quokkas
  8 ball pythons
  10 bats
  2 frilled lizards (D:1)
  4 rats
252 creatures vanquished.

Vanquished Creatures (collateral kills)
  A water moccasin (D:7)
  A black bear (D:6)
  2 wolves (Lair:1)
  Dowan (D:6)
5 creatures vanquished.

Vanquished Creatures (others)
  A killer bee (D:10)
1 creature vanquished.

Grand Total: 258 creatures vanquished

Notes
Turn   | Place    | Note
-------+----------+-------------------------------------------
     0 | D:1      | SnakkuSnakku7 the Hill Orc Chaos Knight began the quest for
                  | the Orb.
     0 | D:1      | Reached XP level 1. HP: 19/19 MP: 1/1
    39 | D:1      | XOM: silly message
   192 | D:1      | a kobold changed into a shapeshifter
   192 | D:1      | Noticed a shapeshifter (shapeshifter)
   192 | D:1      | a shapeshifter changed into a polar bear
   192 | D:1      | Noticed a polar bear (shapeshifter)
   195 | D:1      | a polar bear changed into a fire bat
   195 | D:1      | Noticed a fire bat (shapeshifter)
   196 | D:1      | Killed a fire bat
   197 | D:1      | Reached skill level 6 in Axes
   197 | D:1      | Reached XP level 2. HP: 15/27 MP: 2/2
   197 | D:1      | Reached XP level 3. HP: 19/33 MP: 3/3
   197 | D:1      | Reached XP level 4. HP: 23/40 MP: 4/4
   197 | D:1      | Reached XP level 5. HP: 27/46 MP: 5/5
   605 | D:2      | XOM: silly message
   721 | D:2      | Noticed Robin
   734 | D:2      | XOM: summons friendly crimson imp
   738 | D:2      | Robin changed into Robin the shapeshifter
   738 | D:2      | Noticed Robin (shapeshifter)
   738 | D:2      | Robin the shapeshifter changed into Robin the raiju
   738 | D:2      | Noticed Robin (shapeshifter)
   748 | D:2      | Robin the raiju changed into Robin the human
   748 | D:2      | Noticed Robin (shapeshifter)
   764 | D:2      | Killed Robin the human
   765 | D:2      | Reached skill level 7 in Axes
   765 | D:2      | Reached XP level 6. HP: 8/52 MP: 6/6
  1068 | D:2      | Identified the +1 dagger "Piaf" {venom, Fly Will+ Str-3
                  | Dex+3}
  1578 | D:3      | XOM: divination: detect creatures
  1785 | D:3      | Found a faded altar of an unknown god.
  1785 | D:3      | Noticed a golden eye
  1785 | D:3      | Noticed a shining eye
  1785 | D:3      | Noticed a golden eye
  1785 | D:3      | Noticed an eye of devastation
  1785 | D:3      | XOM: 1-stop teleportation journey
  1897 | D:3      | Identified the +5 ring mail of the Majestic God {Dex+3
                  | Slay+3}
  2467 | D:4      | Found a shadowy altar of Dithmenos.
  2550 | D:4      | XOM: polymorph centaur -> ogre
  2559 | D:4      | Reached skill level 8 in Axes
  2559 | D:4      | Reached XP level 7. HP: 47/58 MP: 7/7
  2759 | D:4      | XOM: enchant monster (bad)
  2991 | D:5      | Entered Level 5 of the Dungeon
  3032 | D:5      | Noticed Ijyb
  3052 | D:5      | Killed Ijyb
  3070 | D:5      | XOM: give mutations
  3070 | D:5      | Gained mutation: You are somewhat resistant to further
                  | mutation. [Xom's mischief]
  3070 | D:5      | Gained mutation: You have a pair of small horns on your
                  | head. [Xom's mischief]
  3070 | D:5      | Lost mutation: You are somewhat resistant to further
                  | mutation. [Xom's mischief]
  3070 | D:5      | Lost mutation: You have a pair of small horns on your head.
                  | [Xom's mischief]
  3240 | D:5      | XOM: stat loss: -1 Int (11/12)
  3253 | D:5      | Reached skill level 5 in Fighting
  3253 | D:5      | Reached skill level 9 in Axes
  3436 | D:5      | Reached XP level 8. HP: 68/69 MP: 8/8
  3584 | D:6      | Noticed Sigmund
  3590 | D:6      | XOM: confusion (+ monsters)
  3594 | D:6      | XOM: torment (26/70 hp)
  3598 | D:6      | XOM: scenery: summon butterflies
  3702 | D:5      | XOM: scenery: create altars
  3778 | D:5      | XOM: scenery: summon butterflies
  3793 | D:5      | Reached skill level 10 in Axes
  3850 | D:6      | Found a staircase to the Ecumenical Temple.
  3906 | Temple   | Entered the Ecumenical Temple
  3977 | D:6      | XOM: summons 7 friendly demons
  3984 | D:6      | Reached skill level 11 in Axes
  4123 | D:6      | XOM: potion effect (brilliance)
  4137 | D:6      | XOM: cleaving
  4140 | D:6      | Killed Sigmund
  4147 | D:6      | XOM: scenery: create altars
  4148 | D:6      | Reached skill level 12 in Axes
  4153 | D:6      | XOM: summons 3 hostile shadow creatures
  4242 | D:5      | XOM: silly message
  4275 | D:5      | XOM: noise
  4287 | D:5      | XOM: stat loss: -1 Dex (9/10)
  4291 | D:5      | XOM: noise
  4396 | D:6      | Reached XP level 9. HP: 20/73 MP: 9/9
  4404 | D:6      | Noticed Duvessa
  4405 | D:6      | XOM: enchant monster (good)
  4408 | D:6      | Noticed Dowan
  4424 | D:6      | Killed Dowan
  4434 | D:6      | Killed Duvessa
  4435 | D:6      | Reached skill level 13 in Axes
  4763 | D:7      | XOM: fog
  4772 | D:7      | XOM: summons 3 friendly demons
  4780 | D:7      | Reached skill level 14 in Axes
  4950 | D:7      | XOM: summons 3 friendly demons
  5000 | D:6      | XOM: divination: magic mapping
  5083 | D:6      | XOM: god gift: broad axe {god gift}
  5325 | D:7      | Noticed Pikel
  5333 | D:7      | XOM: cleaving
  5356 | D:7      | Killed Pikel
  5360 | D:7      | Found Kuplycel's Book Emporium.
  5410 | D:7      | Reached skill level 15 in Axes
  5515 | D:7      | XOM: polymorph steam dragon -> worm
  5752 | D:3      | XOM: god gift: shiny helmet {god gift}
  5770 | D:4      | XOM: god gift: scroll of noise
  5890 | D:7      | Noticed a two-headed ogre
  5897 | D:7      | Killed a two-headed ogre
  5898 | D:7      | Reached skill level 16 in Axes
  5898 | D:7      | Reached XP level 10. HP: 15/83 MP: 10/10
  6264 | D:8      | XOM: fog
  6552 | D:8      | Noticed a two-headed ogre
  6561 | D:8      | Killed a two-headed ogre
  6562 | D:8      | Reached skill level 17 in Axes
  6646 | D:8      | XOM: summons friendly quasit
  6779 | D:8      | XOM: 3-stop teleportation journey
  6903 | D:8      | Found a staircase to the Lair.
  7028 | D:8      | XOM: scenery: create altars
  7047 | D:9      | XOM: scenery: summon butterflies
  7304 | D:9      | Reached skill level 18 in Axes
  7345 | D:9      | XOM: 3-stop teleportation journey
  7384 | D:9      | XOM: swap monsters
  7489 | D:9      | XOM: give mutations
  7489 | D:9      | Gained mutation: You occasionally lose the ability to read
                  | scrolls when taking damage. [Xom's mischief]
  7489 | D:9      | Gained mutation: You have a pair of small antennae on your
                  | head. [Xom's mischief]
  7489 | D:9      | Gained mutation: You are vulnerable to heat. (rF-) [Xom's
                  | mischief]
  7548 | D:9      | XOM: chaos cloud
  7586 | D:9      | Killed an unseen horror
  7798 | D:10     | Entered Level 10 of the Dungeon
  7815 | D:10     | XOM: silly message
  7831 | D:10     | XOM: enchant monster (bad)
  7879 | D:10     | Reached XP level 11. HP: 74/97 MP: 11/11
  7908 | D:10     | Noticed a two-headed ogre
  7917 | D:10     | Killed a two-headed ogre
  7918 | D:10     | Reached skill level 10 in Fighting
  8147 | D:10     | Found a staircase to the Orcish Mines.
  8421 | D:10     | XOM: noise
  8431 | D:10     | XOM: confuse monster(s)
  8807 | Lair:1   | Entered Level 1 of the Lair of Beasts
  9008 | Lair:1   | XOM: cast spell 'Summon Mana Viper'
  9189 | Lair:1   | HP: 5/104 [black mamba (14)]
  9189 | Lair:1   | Slain by a black mamba

Illustrated notes

Levels and vault maps discovered:
D:1:      amcnicky_arrival_choice, layout_rooms, hangedman_decor_points,
          minmay_misc_feat_pillars, chequers_jeans, chequers_arboretum,
          nrook_campfire, hangedman_decor_diamond_cutter
D:2:      layout_loops_ring, uniq_robin
D:3:      minmay_bubble_buster, layout_rooms,
          hellmonk_ecumenical_altar_watching_god
D:4:      layout_loops_ring, kennysheep_mini_moat
D:5:      layout_rooms, serial_corexii_hall, chequers_hall_statues_wall_a,
          corexii_hall_statues_x, uniq_ijyb
D:6:      layout_rooms, minmay_temple_entry_tees, uniq_duvessa, uniq_sigmund
D:7:      layout_cave_pools, serial_shops, shop, minmay_misc_feat_encased,
          minmay_fractal_squares_gapless_5, uniq_pikel
D:8:      layout_cave_pods, david_lair_shrubbed, dk_rats_in_the_wall
D:9:      layout_loops_ring
D:10:     layout_irregular_city, hiddenorc1_lemuel, minivault_11
Temple:   minmay_crystal_snake_temple
Lair:1:   layout_regular_city

Skill      XL: |  1  2  3  4  5  6  7  8  9 10 11 |
---------------+----------------------------------+-----
Axes           | 6 7 8 9 12 16 18 | 18.0
Throwing       | 2 3 4 |  4.0
Fighting       | 5 6 9 12 | 12.0
Armour         | 3 |  3.8
Dodging        | |  0.7

Action                     |  1- 3 |  4- 6 |  7- 9 | 10-12 || total
---------------------------+-------+-------+-------+-------++-------
  Melee: Hand axe          |    25 |   277 |   223 |       ||   525
         Punch             |     1 |     5 |     4 |     4 ||    14
         Broad axe         |       |       |    48 |   241 ||   289
  Evoke: Wand              |       |       |    26 |     7 ||    33
    Use: Potion            |       |     1 |     3 |       ||     4
         Scroll            |       |       |    17 |     4 ||    21
   Stab: Paralysed         |       |       |    13 |       ||    13
         Distracted        |       |       |     1 |       ||     1
 Armour: Leather armour    |    14 |   116 |   108 |       ||   238
         Ring mail         |       |       |     2 |    99 ||   101
  Dodge: Dodged            |    16 |   182 |   146 |   119 ||   463
